 Dungeon Crawl Stone Soup version 0.18-a0-1078-gebb93d0 (webtiles) character file.

193766 namelastname112 the Black Belt (level 17, -9/192 HPs)
             Began as a Red Draconian Wizard on Jan 14, 2016.
             Was the Champion of Ru.
             Mangled by a wolf spider (15 damage)
             ... on level 4 of the Spider Nest.
             The game lasted 02:01:45 (51992 turns).

namelastname112 the Black Belt (DrWz)              Turns: 51992, Time: 02:01:47

Health: -9/192     AC: 24    Str: 21 (23) XL:     17   Next: 65%
Magic:  4/31       EV: 19    Int: 16 (17) God:    Ru [******]
Gold:   3236       SH:  6    Dex: 14      Spells: 3 memorised, 36 levels left

rFire  + + +     SeeInvis +       - Unarmed
rCold  + . .     Gourm    .     (armour unavailable)
rNeg   + . .     Faith    .     J - +0 buckler {rF+}
rPois  ∞         Spirit   .     u - +0 hat {SInv}
rElec  +         Dismiss  .     T - +1 cloak {rPois}
rCorr  .         Reflect  .     (gloves currently unavailable)
SustAt .         Harm     .     (boots currently unavailable)
MR     +....                    N - amulet of regeneration
Stlth  ..........               o - +4 ring of strength
                                a - ring "Gucagar" {rF+ rC+ Str+5 Int-2 Dex+2}

@: statue-form, no scrolls, slowed, drained, very slow, somewhat resistant to
hostile enchantments, extremely unstealthy
A: (breathe fire), unfitting armour, beak, fire resistance 1, low mp 1,
electricity resistance, cold-blooded, inability to read while threatened, no
stealth, inability to use devices, inexperienced 1, AC +9
a: End Transformation, Draw Out Power, Power Leap, Apocalypse, Renounce Religion
}: 1/15 runes: barnacled


You were on level 4 of the Spider Nest.
You worshipped Ru.
Ru was exalted by your worship.
You were not hungry.
You were a stone statue.
You visited 5 branches of the dungeon, and saw 33 of its levels.
You also visited: Bailey, Ice Cave and Volcano.

You collected 3317 gold pieces.
You spent 81 gold pieces at shops.

Inventory:

Armour
 n - a +1 pair of gloves (melded)
 u - a +0 hat of see invisible (worn)
 z - a +1 pair of boots (melded)
 C - a +0 cloak of cold resistance
 J - a +0 buckler of fire resistance (worn)
 T - a +1 cloak of poison resistance (worn)
Jewellery
 a - the ring "Gucagar" (left hand) {rF+ rC+ Str+5 Int-2 Dex+2}
   (You found it on level 1 of the Lair of Beasts)

   [ring of protection from cold]

   It affects your strength (+5).
   It affects your intelligence (-2).
   It affects your dexterity (+2).
   It protects you from fire.
   It protects you from cold.
 k - an uncursed ring of protection from cold
 o - a +4 ring of strength (right hand)
 N - an amulet of regeneration (around neck)
 V - an uncursed ring of protection from magic
Scrolls
 f - a scroll of fear
 h - 10 scrolls of amnesia
 q - 7 scrolls of enchant armour
 t - 6 scrolls of enchant weapon
 w - 10 scrolls of blinking
 y - 11 scrolls of identify
 I - 8 scrolls of remove curse
 U - 2 scrolls of summoning
 X - 5 scrolls of teleportation
Potions
 e - a potion of ambrosia
 i - a potion of cure mutation
 j - 7 potions of brilliance
 p - 6 potions of curing
 r - 7 potions of flight
 s - 3 potions of berserk rage
 F - 4 potions of might
 L - a potion of resistance
 W - 2 potions of magic
Books
 b - a book of Minor Magic

   Spells                             Type                      Level
   a - Magic Dart                     Conjuration                  1
   b - Blink                          Translocation                2
   c - Call Imp                       Summoning                    2
   d - Repel Missiles                 Charms/Air                   2
   e - Slow                           Hexes                        2
   f - Conjure Flame                  Conjuration/Fire             3
   g - Mephitic Cloud                 Conjuration/Poison/Air       3
 l - a book of Debilitation

   Spells                             Type                      Level
   a - Corona                         Hexes                        1
   b - Slow                           Hexes                        2
   c - Gell's Gravitas                Hexes/Translocation          3
   d - Inner Flame                    Hexes/Fire                   3
   e - Cause Fear                     Hexes                        4
   f - Leda's Liquefaction            Hexes/Earth                  4
 m - a book of Summonings

   Spells                             Type                      Level
   a - Recall                         Summoning/Translocation      3
   b - Aura of Abjuration             Summoning                    5
   c - Summon Demon                   Summoning                    5
   d - Summon Forest                  Summoning/Translocation      5
   e - Summon Mana Viper              Hexes/Summoning              5
   f - Shadow Creatures               Summoning                    6
 v - a book of Callings

   Spells                             Type                      Level
   a - Summon Small Mammal            Summoning                    1
   b - Call Imp                       Summoning                    2
   c - Call Canine Familiar           Summoning                    3
   d - Summon Guardian Golem          Hexes/Summoning              3
   e - Summon Lightning Spire         Summoning/Air                4
   f - Summon Ice Beast               Ice/Summoning                4
 G - the Compendium of Transmutation
   (You found it on level 4 of the Lair of Beasts)

   Spells                             Type                      Level
   a - Beastly Appendage              Transmutation                1
   b - Spider Form                    Transmutation/Poison         3
   c - Petrify                        Transmutation/Earth          4
   d - Alistair's Intoxication        Transmutation/Poison         5
   e - Statue Form                    Transmutation/Earth          6
 K - a book of Party Tricks

   Spells                             Type                      Level
   a - Summon Butterflies             Summoning                    1
   b - Apportation                    Translocation                1
   c - Tukima's Dance                 Hexes                        3
   d - Alistair's Intoxication        Transmutation/Poison         5
   e - Invisibility                   Hexes                        6
 M - a book of Enchantments

   Spells                             Type                      Level
   a - Cause Fear                     Hexes                        4
   b - Yara's Violent Unravelling     Hexes/Transmutation          5
   c - Silence                        Hexes/Air                    5
   d - Deflect Missiles               Charms/Air                   6
   e - Haste                          Charms                       6
   f - Discord                        Hexes                        8
 O - an Akashic Record

   Spells                             Type                      Level
   a - Dispersal                      Translocation                6
   b - Malign Gateway                 Summoning/Translocation      7
   c - Disjunction                    Translocation                8
   d - Controlled Blink               Translocation                8
 P - the Guide on Contamination and Conjuration
   (You found it on level 8 of the Lair of Beasts)

   Spells                             Type                      Level
   a - Sting                          Conjuration/Poison           1
   b - Cure Poison                    Poison                       2
   c - Ignite Poison                  Fire/Transmutation/Poison    3
   d - Spider Form                    Transmutation/Poison         3
   e - Venom Bolt                     Conjuration/Poison           5
   f - Bolt of Fire                   Conjuration/Fire             6
 Q - a book of the Earth

   Spells                             Type                      Level
   a - Leda's Liquefaction            Hexes/Earth                  4
   b - Bolt of Magma                  Conjuration/Fire/Earth       5
   c - Statue Form                    Transmutation/Earth          6
   d - Iron Shot                      Conjuration/Earth            6
   e - Shatter                        Earth                        9
 R - a book of Spatial Translocations

   Spells                             Type                      Level
   a - Apportation                    Translocation                1
   b - Blink                          Translocation                2
   c - Shroud of Golubria             Charms/Translocation         2
   d - Portal Projectile              Translocation                3
   e - Teleport Other                 Translocation                3
   f - Passage of Golubria            Translocation                4
 S - a book of Envenomations

   Spells                             Type                      Level
   a - Spider Form                    Transmutation/Poison         3
   b - Olgreb's Toxic Radiance        Poison                       4
   c - Alistair's Intoxication        Transmutation/Poison         5
   d - Poisonous Cloud                Conjuration/Poison/Air       6
Comestibles
 c - 12 bread rations
 d - a slice of pizza
 x - 24 fruits
 A - 5 beef jerkies
 B - 8 meat rations
 H - 14 royal jellies


   Skills:
 + Level 12.8(12.6) Fighting
 + Level 11.6(11.3) Dodging
 - Level 10.6(10.3) Shields
 - Level 16.7(16.4) Unarmed Combat
 + Level 14.3(14.1) Spellcasting
 - Level 1.0(0.8) Conjurations
   Level 1.0(0.8) Summonings
 - Level 1.0(0.8) Translocations
 - Level 14.7(14.4) Transmutations
 - Level 9.1(8.9) Earth Magic


You had 36 spell levels left.
You knew the following spells:

 Your Spells              Type           Power        Failure   Level  Hunger
a - Statue Form           Trmt/Erth      #####....    10%         6    ######.
b - Apportation           Tloc           ##........   6%          1    None
z - Magic Dart            Conj           ##..         6%          1    None


Dungeon Overview and Level Annotations

Branches:
Dungeon (15/15)            Temple (0/1) D:7            Lair (8/8) D:8
 Shoals (4/4) Lair:3       Spider (4/4) Lair:5        Slime (0/6) Lair:6
    Orc (2/2) D:9             Elf (0/3) Orc:2        Vaults (0/5) D:14
 Depths (0/5) D:15

Altars:
Cheibriados
Dithmenos
Elyvilon
Kikubaaqudgha
Makhleb
Nemelex Xobeh
Ru
Trog
The Shining One

Shops:
D:4 (:   D:9 *   D:12 ((   Orc:2 ?:(*[   Shoals:2 (

Portals:
Hell: Lair:8


Innate Abilities, Weirdness & Mutations

((You can breathe blasts of fire.))
((Your fiery red scales are hard (AC +9).))
Your body does not fit into most forms of armour.
Your flesh is heat resistant.
Your magical capacity is low (-10% MP).
You are cold-blooded and may be slowed by cold attacks.
You cannot read scrolls while threatened.
You cannot be stealthy.
You cannot study or use magical devices.
You are somewhat inexperienced (-2 XL).
You have a beak for a mouth.
You are resistant to electric shocks.


Message History

You feel your power leaking away.
The ghost moth is stunned by your will and fails to attack.
You redirect the hornet's attack!
The hornet stings itself.
The wolf spider closely misses you. The wolf spider completely misses you.
The wolf spider barely misses you. The wolf spider bites you.
* * * LOW HITPOINT WARNING * * *
You block the emperor scorpion's attack.
The emperor scorpion closely misses you.
You block the emperor scorpion's attack.
You redirect the spark wasp's attack!
The spark wasp is stunned by your will and fails to attack.
You redirect the ghost moth's attack!
The ghost moth hits you but does no damage.
The ghost moth closely misses you.
The ghost moth stings you but does no damage.
The hornet misses you.
The wolf spider hits you but does no damage.
You block the wolf spider's attack. The wolf spider hits you!
You die...

....#..^
^.........≈≈≈≈≈≈≈≈≈≈≈...
#....^....≈≈≈≈≈≈≈≈≈≈≈≈.#
#.(.^...≈≈≈≈≈≈≈ ≈≈≈≈≈≈≈.
#.#..#..≈≈≈≈≈# ##≈≈≈≈≈
#.^..#.s≈≈≈≈# #≈≈≈≈≈
##.......≈≈≈# ##≈≈≈≈
#..#.s.syy≈≈# . ##≈≈≈
#.#..#.s8s#≈#≈.. #≈≈≈
#^....≈.y^≈.....! ##≈≈
###......^≈≈#.... #≈≈
#.......^≈≈≈# .. ##≈≈
##.......≈≈≈## #≈≈≈
#....#.#≈w≈≈## ###≈≈≈
#.......≈≈≈≈≈######≈≈≈≈≈
#.#..#^.#≈≈≈≈≈≈≈≈≈≈≈≈≈≈≈
##.....^..≈≈≈≈≈≈≈≈≈≈≈≈≈≈


You could see an emperor scorpion, a ghost moth (invisible), a spark wasp, a
torpor snail, 2 wolf spiders, a hornet and 2 orb spiders.

Vanquished Creatures
  Jorgrun (Shoals:2)
  A kraken (Shoals:3)
  Gastronok (Lair:1)
  Kirke (Lair:7)
  Ilsuiw (Shoals:4)
  Aizul (Spider:1)
  4 frost giants
  An emperor scorpion (Spider:4)
  An orc warlord (Orc:2)
  3 ghost moths (Spider:4)
  Louise (Shoals:2)
  A stone giant (Orc:1)
  A salamander stormcaller (D:14)
  Nessos (Lair:7)
  A spark wasp (Spider:4)
  A dire elephant (Lair:8)
  Snorg (Lair:4)
  2 fire dragons
  3 merfolk javelineers (Shoals:4)
  8 merfolk impalers
  Harold (D:11)
  2 ice dragons
  2 entropy weavers
  Fannar (D:11)
  A hell beast (Lair:8)
  8 merfolk avatars
  7 hydras
  5 centaur warriors
  A catoblepas (Shoals:3)
  15 death yaks
  2 alligator snapping turtles (Shoals:4)
  2 merfolk aquamancers
  An ogre mage (D:15)
  A tengu warrior (D:13)
  4 satyrs
  3 orc high priests (Orc:2)
  The ghost of 4thArraOfDagon the Cleaver, a novice HOBe of Trog (D:11)
  Nergalle (Lair:1)
  7 unseen horrors
  A wizard (Lair:8)
  The ghost of Daviar the Covert, a novice VSAs of Gozag (D:8)
  10 sea snakes
  A kraken simulacrum (Shoals:4)
  A lindwurm (Lair:6)
  5 hill giants
  12 harpies
  2 necromancers
  6 orc knights
  6 ugly things
  12 fauns
  3 salamanders (D:14)
  8 griffons
  2 hornets (Spider:4)
  13 manticores
  12 orb spiders
  4 orc sorcerers
  4 deep elf magi
  6 cyclopes
  4 black mambas
  A moth of wrath (Spider:4)
  19 wolf spiders
  The ghost of yogakurto the Nimble, a novice FeVM of Dithmenos (D:10)
  8 sirens
  The ghost of st0uf the Ducker, a novice TrBe of Trog (D:6)
  8 water nymphs
  A centaur zombie (D:14)
  18 elephants
  Joseph (Lair:1)
  An ice statue (IceCv)
  3 orange demons (Lair:8)
  A gargoyle (D:13)
  10 spiny frogs
  2 efreet
  A hellwing (Lair:8)
  8 fire drakes
  10 komodo dragons
  8 demonic crawlers
  3 ice devils (Lair:8)
  A freezing wraith (D:15)
  35 merfolk
  4 red devils (Lair:8)
  A queen bee (Lair:3)
  2 harpy zombies (Shoals:4)
  A tengu conjurer (D:13)
  8 two-headed ogres
  2 wind drakes
  8 trolls
  15 polar bears
  33 jumping spiders
  32 blink frogs
  Prince Ribbit (D:6)
  Grinder (D:4)
  14 snapping turtles
  3 griffon zombies (Shoals:4)
  A centaur simulacrum (D:15)
  A boulder beetle (Lair:6)
  5 slime creatures (D:15)
  17 tarantellas
  56 redbacks
  A vampire (D:9)
  5 wyverns
  94 yaks
  A hog (Lair:7)
  2 basilisks
  8 water elementals
  3 fire bats (Volcano)
  The ghost of AbsoluteTabman the Digger, an amateur DDEE of Elyvilon (D:3)
  13 hippogriffs
  6 wargs
  43 wolves
  A steam dragon (D:11)
  10 vampire mosquitoes
  A warg (shapeshifter) (D:15)
  2 mottled dragons
  Menkaure (D:7)
  3 soldier ants
  21 water moccasins
  10 porcupines
  3 phantoms
  45 orc warriors
  8 ice beasts
  7 sky beasts
  3 wasps
  An eye of draining (D:11)
  3 black bears
  17 centaurs
  An elephant zombie (Lair:5)
  13 ogres
  14 crocodiles
  Blork the orc (D:5)
  6 big kobolds
  2 komodo dragon zombies (Lair:5)
  28 giant frogs
  A wyvern zombie (D:9)
  A wyvern skeleton (D:9)
  3 scorpions
  2 hippogriff zombies (Shoals:4)
  26 killer bees
  4 wights (D:13)
  6 electric eels
  7 crimson imps
  8 hounds
  A basilisk zombie (Lair:5)
  4 centaur skeletons
  2 giant frog zombies
  17 orc priests
  2 gnoll shamans
  11 jellies
  2 giant frog skeletons
  12 iguanas
  9 hell rats
  10 orc wizards
  Natasha (D:3)
  5 worker ants
  A killer bee zombie (D:10)
  4 sheep
  17 gnolls
  11 adders
  75 river rats
  5 shadow imps
  12 white imps (Lair:1)
  16 oozes
  3 adder skeletons
  An adder zombie (D:8)
  2 worms
  5 giant geckos
  94 orcs
  10 bats
  3 giant cockroaches
  9 goblins
  7 hobgoblins
  6 jackals
  7 kobolds
  A quokka (D:4)
  3 ball pythons
  2 giant gecko skeletons (D:4)
  5 giant newts
  12 rats
  4 rat zombies (D:9)
  8 fungi
  32 plants
  4 tentacles
  A tentacle segment (Shoals:3)
1431 creatures vanquished.

Vanquished Creatures (others)
  Nikola (Shoals:4)
  Polyphemus (Shoals:4)
  The ghost of Chiseanne the Peltast, an adept CeAE of Gozag (Shoals:4)
  A merfolk impaler (Shoals:4)
  2 merfolk javelineers
  A satyr (Shoals:4)
  4 harpies
  An ugly thing (D:14)
  A griffon (Shoals:4)
  A water nymph (Shoals:2)
  2 fauns
  A gargoyle (D:15)
  A siren (Shoals:4)
  A komodo dragon (Lair:1)
  A demonic crawler (Spider:3)
  A fire drake (Lair:8)
  A jumping spider (Spider:4)
  A polar bear (IceCv)
  A two-headed ogre (D:15)
  A boulder beetle (Spider:2)
  2 blink frogs
  A snapping turtle (Shoals:4)
  2 tarantellas
  2 redbacks
  A human (Lair:7)
  A basilisk (Lair:8)
  A sky beast (D:15)
  2 giant frogs
  A killer bee (Lair:3)
  A sheep (Shoals:1)
  4 river rats
  6 orcs
  A bush (Lair:7)
  37 fungi
  49 plants
  10 tentacles
  243 tentacle segments
389 creatures vanquished.

Grand Total: 1820 creatures vanquished

Notes
Turn   | Place    | Note
--------------------------------------------------------------
     0 | D:1      | namelastname112 the Draconian Wizard began the quest for the Orb.
     0 | D:1      | Reached XP level 1. HP: 14/14 MP: 4/4
    45 | D:1      | Reached skill level 1 in Unarmed Combat
    86 | D:1      | Reached XP level 2. HP: 17/20 MP: 1/6
   193 | D:1      | You fall through a shaft!
   990 | D:2      | Reached XP level 3. HP: 15/26 MP: 1/7
  1575 | D:2      | Reached XP level 4. HP: 16/33 MP: 5/8
  1953 | D:2      | Reached skill level 4 in Unarmed Combat
  2007 | D:2      | Reached XP level 5. HP: 31/38 MP: 9/9
  2427 | D:3      | Found a sacrificial altar of Ru.
  2436 | D:3      | Became a worshipper of Ru the Awakened
  2455 | D:3      | Noticed AbsoluteTabman's ghost (amateur DDEE)
  2852 | D:3      | Killed AbsoluteTabman's ghost
  2852 | D:3      | Reached skill level 6 in Unarmed Combat
  2852 | D:3      | Reached XP level 6. HP: 15/45 MP: 3/10
  3249 | D:3      | Noticed Natasha
  3260 | D:3      | Killed Natasha
  3589 | D:4      | Found Nuyrus's Weapon Shoppe.
  4057 | D:4      | Found Pixzy's Book Shop.
  4122 | D:4      | Found a white marble altar of Elyvilon.
  4131 | D:4      | Found a sparkling altar of Nemelex Xobeh.
  4131 | D:4      | Found a bloodstained altar of Trog.
  4195 | D:4      | Reached skill level 7 in Unarmed Combat
  4244 | D:4      | Reached XP level 7. HP: 50/50 MP: 11/11
  4244 | D:4      | Your scales start taking on a fiery red colour.
  4244 | D:4      | Gained mutation: Your flesh is heat resistant. [Red Draconian growth]
  4338 | D:4      | Noticed Grinder
  4492 | D:4      | Killed Grinder
  4492 | D:4      | Reached skill level 8 in Unarmed Combat
  4535 | D:4      | Gained mutation: You cannot read scrolls while threatened. [Ru sacrifice]
  4535 | D:4      | Reached * piety under Ru
  4648 | D:5      | Entered Level 5 of the Dungeon
  5073 | D:5      | Reached skill level 9 in Unarmed Combat
  5073 | D:5      | Reached XP level 8. HP: 57/57 MP: 12/12
  5425 | D:5      | Noticed Blork the orc
  5436 | D:5      | Killed Blork the orc
  5653 | D:6      | Reached skill level 10 in Unarmed Combat
  5960 | D:6      | Noticed Prince Ribbit
  5973 | D:6      | Killed Prince Ribbit
  6363 | D:6      | Reached skill level 11 in Unarmed Combat
  6470 | D:6      | Noticed st0uf's ghost (novice TrBe)
  6507 | D:6      | Killed st0uf's ghost
  6507 | D:6      | Reached XP level 9. HP: 62/62 MP: 13/13
  7129 | D:6      | Reached skill level 12 in Unarmed Combat
  7424 | D:7      | Gained mutation: You cannot study or use magical devices. [Ru sacrifice]
  7424 | D:7      | Reached ** piety under Ru
  7424 | D:7      | Reached *** piety under Ru
  7424 | D:7      | Reached **** piety under Ru
  7793 | D:7      | Reached skill level 1 in Fighting
  7837 | D:7      | Noticed Menkaure
  7842 | D:7      | Killed Menkaure
  8084 | D:7      | Found a staircase to the Ecumenical Temple.
  8145 | D:7      | Noticed an unseen horror
  8413 | D:7      | Reached skill level 13 in Unarmed Combat
  8413 | D:7      | Reached XP level 10. HP: 21/78 MP: 14/14
  8946 | D:7      | Killed an unseen horror
  9618 | D:8      | Reached skill level 5 in Fighting
  9775 | D:8      | Reached skill level 5 in Dodging
  9974 | D:8      | Found a staircase to the Lair.
  9977 | D:8      | Noticed Daviar's ghost (novice VSAs)
  9987 | D:8      | Killed Daviar's ghost
 10280 | D:8      | Gained mutation: You cannot be stealthy. [Ru sacrifice]
 10280 | D:8      | Reached ***** piety under Ru
 11113 | D:9      | Found Wetre's General Store.
 11134 | D:9      | Reached XP level 11. HP: 57/91 MP: 15/15
 11139 | D:9      | Bought a potion of curing for 42 gold pieces
 11661 | D:9      | Found a burning altar of Makhleb.
 11664 | D:9      | Found a shadowy altar of Dithmenos.
 11667 | D:9      | Found a glowing golden altar of the Shining One.
 12095 | D:9      | Reached skill level 14 in Unarmed Combat
 12100 | D:9      | Found a staircase to the Orcish Mines.
 12416 | D:9      | Found an ancient bone altar of Kikubaaqudgha.
 12481 | D:10     | Entered Level 10 of the Dungeon
 12512 | D:10     | Noticed a hill giant
 12550 | D:10     | Killed a hill giant
 12612 | D:10     | Noticed yogakurto's ghost (novice FeVM)
 12635 | D:10     | HP: 1/94 [yogakurto's ghost/Olgreb's Toxic Radiance (12)]
 12640 | D:10     | Killed yogakurto's ghost
 13558 | Lair:1   | Entered Level 1 of the Lair of Beasts
 13576 | Lair:1   | Noticed Joseph
 13586 | Lair:1   | Killed Joseph
 13671 | Lair:1   | Noticed Nergalle
 13681 | Lair:1   | Killed Nergalle
 13756 | Lair:1   | Noticed Gastronok
 13767 | Lair:1   | Killed Gastronok
 13794 | Lair:1   | Got a scorched copper ring
 13796 | Lair:1   | Identified the ring "Gucagar" {rF+ rC+ Str+5 Int-2 Dex+2} (You found it on level 1 of the Lair of Beasts)
 13871 | Lair:1   | Found a frozen archway.
 13908 | IceCv    | Entered an ice cave
 13924 | IceCv    | Reached XP level 12. HP: 25/104 MP: 16/16
 14468 | IceCv    | Reached skill level 15 in Unarmed Combat
 14477 | IceCv    | Reached skill level 10 in Fighting
 14690 | IceCv    | Noticed a frost giant
 14696 | IceCv    | Killed a frost giant
 14728 | IceCv    | Got a fine glaive
 16212 | Lair:1   | Gained mutation: Your magical capacity is low (-10% MP). [Ru sacrifice]
 16360 | Lair:2   | Reached skill level 10 in Dodging
 16392 | Lair:2   | Noticed a four-headed hydra
 16401 | Lair:2   | Killed a four-headed hydra
 16405 | Lair:2   | Reached XP level 13. HP: 53/116 MP: 15/15
 16875 | Lair:2   | Identified the +6 glaive "Hiohez" {chop, +Inv MR- Int+5} (You found it in an ice cave)
 17241 | Lair:3   | Found a staircase to the Shoals.
 18423 | Lair:3   | Reached skill level 16 in Unarmed Combat
 19204 | Shoals:1 | Entered Level 1 of the Shoals
 19226 | Lair:4   | Noticed Snorg
 19241 | Lair:4   | Killed Snorg
 19559 | Lair:4   | Identified the Compendium of Transmutation
 19567 | Lair:4   | Learned a level 6 spell: Statue Form
 20326 | Lair:5   | Reached skill level 1 in Transmutations
 20433 | Lair:5   | Found a dark tunnel.
 20519 | Volcano  | Entered a volcano
 20595 | Volcano  | Noticed a fire dragon
 20612 | Volcano  | Killed a fire dragon
 20903 | Lair:5   | Reached skill level 1 in Shields
 21384 | Lair:5   | Found a hole to the Spider Nest.
 22359 | Lair:6   | Reached skill level 5 in Spellcasting
 22359 | Lair:6   | Reached XP level 14. HP: 102/126 MP: 19/19
 23016 | Lair:6   | Reached skill level 5 in Transmutations
 23185 | Lair:6   | Found a staircase to the Slime Pits.
 23968 | Lair:7   | Noticed Nessos
 23974 | Lair:7   | Killed Nessos
 24826 | Lair:7   | Reached skill level 5 in Shields
 25185 | Lair:7   | Noticed Kirke
 25211 | Lair:7   | Killed Kirke
 26285 | Lair:8   | Entered Level 8 of the Lair of Beasts
 26701 | Lair:8   | Learned a level 1 spell: Apportation
 27169 | Lair:8   | Reached XP level 15. HP: 75/132 MP: 24/24
 28254 | Lair:8   | Found a burning altar of Makhleb.
 28628 | Lair:8   | Found a gateway to Hell.
 28638 | Lair:8   | Identified the Guide on Contamination and Conjuration
 29539 | Orc:1    | Entered Level 1 of the Orcish Mines
 30056 | Orc:2    | Entered Level 2 of the Orcish Mines
 30064 | Orc:2    | Noticed an orc warlord
 30064 | Orc:2    | Found Tuema's Antique Weapon Shop.
 30081 | Orc:2    | Killed an orc warlord
 30420 | Orc:2    | Found Keshum's Book Emporium.
 31422 | Orc:2    | Found Eneseq's Antique Armour Boutique.
 31527 | Orc:2    | Found Lyadefer's General Store.
 31537 | Orc:2    | Bought a scroll of remove curse for 39 gold pieces
 31652 | Orc:2    | Found a staircase to the Elven Halls.
 31668 | Orc:2    | Found Zuff's Magic Scroll Emporium.
 32325 | D:11     | Noticed Harold
 32337 | D:11     | Killed Harold
 32337 | D:11     | Reached skill level 1 in Earth Magic
 32374 | D:11     | Noticed Fannar
 32389 | D:11     | Killed Fannar
 32613 | D:11     | Noticed 4thArraOfDagon's ghost (novice HOBe)
 32627 | D:11     | Killed 4thArraOfDagon's ghost
 33355 | D:12     | Found Jovvimo's Antique Weapon Boutique.
 33393 | D:12     | Found Ysucsac's Antique Weapon Shop.
 33488 | D:12     | Reached skill level 10 in Transmutations
 34241 | D:13     | Reached XP level 16. HP: 115/139 MP: 26/26
 35073 | D:14     | Found a flagged portal.
 35082 | D:14     | Reached skill level 10 in Spellcasting
 35113 | Bailey   | Entered a bailey
 35406 | Bailey   | Got a crude large shield
 35707 | D:14     | You fall through a shaft!
 35707 | D:15     | Entered Level 15 of the Dungeon
 35810 | D:15     | Reached skill level 10 in Shields
 37478 | D:15     | Found a staircase to the Depths.
 37724 | D:14     | Found a snail-covered altar of Cheibriados.
 37967 | D:14     | Gained mutation: You are somewhat inexperienced (-2 XL). [Ru sacrifice]
 37967 | D:14     | Reached XP level 15. HP: 95/132 MP: 26/26
 37967 | D:14     | Reached XP level 14. HP: 95/126 MP: 25/25
 37967 | D:14     | Reached ****** piety under Ru
 38515 | D:14     | Found a gate to the Vaults.
 38710 | D:14     | Identified the +12 large shield of Xacsyecu {-Cast +Blink Dex-5 SInv} (You found it in a bailey)
 38731 | D:14     | Gained mutation: You are resistant to electric shocks. [potion of beneficial mutation]
 38732 | D:14     | Gained mutation: You have a beak for a mouth. [potion of beneficial mutation]
 38808 | D:11     | Reached skill level 5 in Earth Magic
 40961 | Shoals:2 | Noticed Louise
 41070 | Shoals:2 | Killed Louise
 41070 | Shoals:2 | Reached XP level 15. HP: 112/132 MP: 27/27
 41531 | Shoals:2 | Noticed Jorgrun
 41548 | Shoals:2 | Killed Jorgrun
 42177 | Shoals:2 | Found Ampik's Antique Weapon Boutique.
 43106 | Shoals:3 | Found a glowing golden altar of the Shining One.
 43112 | Shoals:3 | Noticed a kraken
 43122 | Shoals:3 | Killed a kraken
 44152 | Shoals:4 | Entered Level 4 of the Shoals
 44152 | Shoals:4 | Noticed Chiseanne's ghost (adept CeAE)
 44236 | Shoals:4 | Noticed Nikola
 44288 | Shoals:4 | Killed Chiseanne's ghost
 44298 | Shoals:4 | Killed Nikola
 45086 | Shoals:4 | Reached XP level 16. HP: 67/139 MP: 29/29
 46601 | Shoals:4 | Noticed Polyphemus
 46613 | Shoals:4 | Killed Polyphemus
 47719 | Shoals:4 | Noticed Ilsuiw
 47731 | Shoals:4 | Killed Ilsuiw
 48453 | Shoals:4 | Got a barnacled rune of Zot
 48705 | Shoals:4 | Identified a scroll of acquirement
 48706 | Shoals:4 | Got a pair of translucent boots
 48707 | Shoals:4 | Identified the +0 pair of boots of the Will of the Gods {-Tele rCorr Int+3} (You acquired it on level 4 of the Shoals)
 49005 | Spider:1 | Entered Level 1 of the Spider Nest
 49274 | Spider:1 | Reached XP level 17. HP: 146/146 MP: 19/31
 49491 | Spider:1 | Noticed Aizul
 49501 | Spider:1 | Killed Aizul
 51312 | Spider:4 | Entered Level 4 of the Spider Nest
 51991 | Spider:4 | HP: 5/192 [ghost moth (9)]
 51992 | Spider:4 | Mangled by a wolf spider

Vault maps used:
D:1:      lightli_arrival_farm
D:2:      wad_river_or_something, first_bread, serial_bayou_pond_e,
          cheibrodos_gnoll_hut
D:3:      old_standard_altar, uniq_natasha
D:4:      minitemple, serial_shops, shop, kennysheep_little_box, uniq_grinder
D:5:      serial_glass, glass_columns_a, glass_columns_a, glass_columns_a,
          glass_columns_a, glass_columns_a, feat_on_display, item_on_display_b,
          item_on_display_a, feat_on_display, uniq_blork_the_orc
D:6:      uniq_prince_ribbit1
D:7:      lemuel_slime, minmay_temple_entry_glassed_door, uniq_menkaure
D:8:      minmay_lair_entry_lava
D:9:      lemuel_zombie_altar_kikubaaqudgha, grunt_temple_overflow_diamond,
          kennysheep_orc_monster_closet_entryway, serial_shops, shop,
          serial_aquarium, aquarium_bridge_straight, aquarium_window_1,
          aquarium_window_corridor_3, aquarium_view_2c, aquarium_view_2b,
          solitary_fountain
D:11:     hangedman_pestilent_swarm, uniq_fannar, uniq_harold
D:12:     special_room, serial_shops, nicolae_shop_behind_doors,
          kennysheep_diamond, library_closet
D:14:     david_vaults_1, cheibriados_altar_1, enter_bailey_1
D:15:     grunt_enter_depths_hoard, nicolae_wwwww
Lair:1:   statuecave_lemuel, portal_ice_cave_entry_imps, uniq_gastronok,
          uniq_joseph, uniq_nergalle
Lair:3:   shoals_dummy_entry
Lair:4:   uniq_snorg
Lair:5:   pond_and_an_island_with_a_cottage, spider_nest_entry_a,
          enter_volcano_4
Lair:6:   kennysheep_rathole, nicolae_slime_entry_slimehenge
Lair:7:   hibernation_bobbens, grunt_megastairs_3, uniq_kirke, uniq_nessos
Lair:8:   evil_forest, grunt_forest_large_clearings
Shoals:2: serial_shops, shop, uniq_jorgrun, uniq_louise
Shoals:3: wheals_shoals_ruined_temple
Shoals:4: shoals_end_grunt_ice, shoals_ilsuiw_alternative,
          nicolae_shoals_undead_eyrie, uniq_polyphemus, uniq_nikola
Spider:1: uniq_aizul
Spider:4: grunt_spider_rune_island
Orc:2:    grunt_orc_gardens, grunt_orc_garden, grunt_orc_garden,
          grunt_orc_garden, grunt_orc_garden, serial_shops, shop
Bailey:   bailey_polearm_1, bailey
IceCv:    ice_cave_small_giant
Volcano:  volcano_pools

Action                   |  1- 3 |  4- 6 |  7- 9 | 10-12 | 13-15 | 16-18 || total
-------------------------+-------+-------+-------+-------+-------+-------++-------
Melee: Unarmed           |    93 |   165 |   347 |   824 |  2744 |  1342 ||  5515
 Cast: Magic Dart        |    41 |    44 |       |       |       |       ||    85
       Statue Form       |       |       |       |       |       |    11 ||    11
Invok: Sacrifice Words   |       |       |     1 |       |       |       ||     1
       Sacrifice Artific |       |       |     1 |       |       |       ||     1
       Sacrifice Stealth |       |       |       |     1 |       |       ||     1
       Draw Out Power    |       |       |       |     7 |     2 |     9 ||    18
       Apocalypse        |       |       |       |     2 |    13 |     2 ||    17
       Sacrifice Essence |       |       |       |     1 |       |       ||     1
       Reject Sacrifices |       |       |       |       |     3 |       ||     3
       Sacrifice Experie |       |       |       |       |     1 |       ||     1
       Power Leap        |       |       |       |       |       |     1 ||     1
 Abil: Breathe Fire      |       |       |    12 |    22 |    37 |    24 ||    95
  Use: Scroll            |     4 |       |    13 |     7 |    13 |     5 ||    42
       Potion            |       |     1 |     2 |     2 |     3 |     9 ||    17
 Stab: Sleeping          |     1 |     3 |     2 |     1 |       |       ||     7
       Invisible         |       |       |     4 |    12 |    36 |    29 ||    81
       Distracted        |       |       |     1 |     3 |    16 |     3 ||    23
       Paralysed         |       |       |       |     9 |    40 |    26 ||    75
       Confused          |       |       |       |     2 |     1 |       ||     3
  Eat: Chunk             |     2 |     3 |     3 |    16 |    60 |    23 ||   107
       Meat ration       |       |     1 |     2 |     2 |       |     4 ||     9
       Fruit             |       |       |     4 |     1 |     2 |     2 ||     9
       Beef jerky        |       |       |       |     1 |     1 |     1 ||     3
       Pizza             |       |       |       |     1 |     1 |       ||     2
       Royal jelly       |       |       |       |       |     7 |       ||     7
       Bread ration      |       |       |       |       |     1 |     2 ||     3
